 Dungeon Crawl Stone Soup version 0.28.0 (webtiles) character file.

Game seed: 7010026333659841129

56 fearviewer the Magician (level 4, -5/32 HPs)
             Began as a Human Hedge Wizard on Feb 5, 2022.
             Slain by an orc (7 damage)
             ... on level 4 of the Dungeon.
             The game lasted 00:04:21 (2987 turns).

fearviewer the Magician (Human Hedge Wizard)        Turns: 2987, Time: 00:04:21

Health: -5/32      AC:  3    Str: 17    XL:     4   Next: 15%
Magic:  2/9        EV: 12    Int: 16    God:
Gold:   103        SH:  0    Dex: 12    Spells: 0/9 levels left

rFire   . . .      SeeInvis .   a - +0 dagger
rCold   . . .      Faith    .   (no shield)
rNeg    . . .      Spirit   .   b - +0 robe
rPois   .          Reflect  .   c - +1 hat
rElec   .          Harm     .   (no cloak)
rCorr   .          Rampage  .   (no gloves)
Will    .....                   (no boots)
Stlth   ++........              e - amulet of the acrobat
HPRegen 0.10/turn               d - +6 ring of strength
MPRegen 0.11/turn               (no ring)

@: no status effects
A: no striking features
a: no special abilities


You were on level 4 of the Dungeon.
You visited 1 branch of the dungeon, and saw 4 of its levels.

You collected 103 gold pieces.

Inventory:

Hand Weapons
 a - a +0 dagger (weapon)
 k - a +0 mace of pain
Missiles
 i - a throwing net
Armour
 b - a +0 robe (worn)
 c - a +1 hat (worn)
Jewellery
 d - a +6 ring of strength (left hand)
 e - an amulet of the acrobat (around neck)
 m - a ring of ice
Scrolls
 l - a scroll of amnesia
Potions
 h - a potion of mutation {unknown}
 n - a potion of curing {unknown}
 o - a potion of haste {unknown}
 p - a potion of might {unknown}
 q - 2 potions of invisibility {unknown}


   Skills:
 + Level 1.3 Fighting
 - Level 2.0 Dodging
 - Level 2.0 Stealth
 + Level 3.3 Spellcasting
 + Level 2.4 Conjurations
 - Level 1.0 Summonings
 - Level 1.0 Translocations
 * Level 0.1 Transmutations
 + Level 0.9 Fire Magic
 + Level 0.0 Poison Magic


You couldn't memorise any spells.
You knew the following spells:

 Your Spells              Type           Power      Damage    Failure   Level
a - Magic Dart            Conj           40%        1d5       7%          1
b - Blink                 Tloc           10%        N/A       19%         2
c - Call Imp              Summ           5%         N/A       19%         2
d - Spider Form           Tmut/Pois      2%         N/A       45%         3
e - Beastly Appendage     Tmut           6%         N/A       17%         1

Your spell library contained the following spells:

 Spells                   Type           Power      Damage    Failure   Level
 Slow                     Hex            8%         N/A       19%         1
 Wereblood                Tmut           3%         N/A       26%         2
 Conjure Flame            Conj/Fire      8%         6-21      26%         3
 Mephitic Cloud           Conj/Pois/Air  5%         N/A       36%         3


Dungeon Overview and Level Annotations

Branches:
Dungeon (4/15)
 Temple: D:4-7

Altars:
Kikubaaqudgha


Message History

Aim: an orc, wielding a +0 mace, wearing a +0 scale mail and quivering boomerangs (moderately wounded, ally target, 100% to hit)
You miscast Magic Dart.
You are very lightly contaminated with residual magic.
Nothing appears to happen.
Your crimson imp disappears in a puff of smoke!
The orc barely misses you.
Casting: Magic Dart (safe; 7% risk of failure)
Confirm with . or Enter, or press ? or * to list all spells.
A beastly little devil appears in a puff of flame.
The orc closely misses you.
You are too injured to fight recklessly!
You are too injured to fight recklessly!
You are too injured to fight recklessly!
You hit the orc but do no damage.
The orc is moderately wounded.
The orc hits you with a +0 mace!
* * * LOW HITPOINT WARNING * * *
Your crimson imp hits the orc but does no damage.
You hit the orc but do no damage.
The orc is moderately wounded.
The orc closely misses you.
Your crimson imp hits the orc.
Unknown command.
You hit the orc but do no damage.
The orc is heavily wounded.
The orc barely misses you.
Your crimson imp closely misses the orc.
You barely miss the orc.
The orc is heavily wounded.
The orc hits you but does no damage.
Your crimson imp hits the orc but does no damage.
You hit the orc but do no damage.
The orc is heavily wounded.
The orc hits you with a +0 mace.
* * * LOW HITPOINT WARNING * * *
Your crimson imp hits the orc but does no damage.
Your magical contamination has completely faded away.
You hit the orc but do no damage.
The orc is heavily wounded.
The orc hits you with a +0 mace!
You die...

#. .... ...#
#..## ...# ...#
##.... ..# ..#
......##.##.#
#$.....<.#..#
##.####....#####.
#..####.........
#...........####
#.....@....##
.....5o...#..#
.##..##...##....
#.. ....# #### #.
#..#.. #..##..
#.## #.# .. ..


You could see an orc (ally target) and a friendly crimson imp (summoned).

Vanquished Creatures
  4 ball pythons (D:1)
  4 endoplasms
  A giant cockroach (D:1)
  6 goblins
  A hobgoblin (D:2)
  4 jackals (D:1)
  2 quokkas
  7 bats
  A frilled lizard (D:1)
  2 kobolds
  9 rats
41 creatures vanquished.

Vanquished Creatures (collateral kills)
  A dart slug (D:1)
  3 giant cockroaches
  A ball python (D:1)
  2 kobolds (D:1)
7 creatures vanquished.

Vanquished Creatures (others)
  3 plants (D:1)
3 creatures vanquished.

Grand Total: 51 creatures vanquished

Notes
Turn   | Place    | Note
-------+----------+-------------------------------------------
     0 | D:1      | fearviewer the Human Hedge Wizard began the quest for the
                  | Orb.
     0 | D:1      | Reached XP level 1. HP: 13/13 MP: 4/4
   128 | D:1      | Reached XP level 2. HP: 12/20 MP: 1/6
   350 | D:1      | Learned a level 2 spell: Blink
   353 | D:1      | Learned a level 2 spell: Call Imp
   598 | D:1      | Reached XP level 3. HP: 23/25 MP: 7/7
   605 | D:1      | Reached skill level 1 in Fighting
   908 | D:1      | Learned a level 3 spell: Conjure Flame
  1273 | D:1      | Found a faded altar of an unknown god.
  1937 | D:2      | Reached XP level 4. HP: 18/32 MP: 8/8
  1960 | D:2      | Learned a level 1 spell: Beastly Appendage
  2533 | D:2      | Found an ancient bone altar of Kikubaaqudgha.
  2752 | D:2      | Learned a level 3 spell: Spider Form
  2987 | D:4      | Slain by an orc

Illustrated notes

Levels and vault maps discovered:
D:1:      psy_arrival_fountain, layout_loops_corners,
          shapermc_ecumenical_altar_hornbeckon, hex_medium,
          hangedman_glass_teeth, minmay_small_reverse_x
D:2:      layout_basic, basic_altar, wad_floor_pattern_2
D:3:      kennysheep_slugbush, layout_basic, gammafunk_ghost_split, uniq_ijyb,
          uniq_grinder, uniq_crazy_yiuf_cottage
D:4:      cheibrodos_quashed, layout_layer_cave, mainiacjoe_overflow_alcove_1,
          nicolae_yredelemnul_corpse_copse, mainiacjoe_overflow_tiny_flanked,
          zin_academy, mainiacjoe_overflow_small_starburst, temple_statues,
          nrook_loot_triangle, hangedman_abyss_or_decor_passed

Skill      XL: |  1  2  3 |
---------------+----------+-----
Conjurations   | 2 |  2.4
Fighting       | 1 |  1.3
Dodging        | |  2.0
Stealth        | |  2.0
Spellcasting   | |  3.3
Summonings     | |  1.0
Translocations | |  1.0
Transmutations | |  0.1
Fire Magic     | |  0.9

Action                   |  1- 3 |  4- 6 || total
-------------------------+-------+-------++-------
Melee: Dagger            |   122 |    29 ||   151
       Punch             |     2 |       ||     2
 Cast: Magic Dart        |     4 |     6 ||    10
       Call Imp          |     5 |     4 ||     9
  Use: Scroll            |       |     5 ||     5
 Stab: Sleeping          |     5 |     1 ||     6
Armor: Robe              |    17 |     3 ||    20
Dodge: Dodged            |   109 |    19 ||   128
